[Event "Team 45 45 League T39"]
[Site "Internet Chess Club"]
[Date "2008.11.13"]
[Round "4"]
[White "political"]
[Black "Philly-Boy"]
[Result "1-0"]
[WhiteElo "1819"]
[BlackElo "1823"]
[Opening "Scandinavian defense"]
[ECO "B01"]
[Time "23:31:12"]
[TimeControl "2700+45"]

1. e4 d5 2. exd5 Nf6 3. d4 Bg4 4. Be2 Bxe2 5. Qxe2 Qxd5 6. Nf3 e6 7. O-O c6 8.
c4 Qa5 9. Bd2 Qc7 10. Nc3 Be7 11. Ne5 Nbd7 12. Rfe1 O-O 13. Bg5 Rad8 14. Rad1
Nxe5 15. dxe5 Rxd1 16. Rxd1 Ne8 17. Bxe7 Qxe7 18. a3 f6 19. Re1 f5 20. Qd3 g5
21. Rd1 Ng7 22. Qd4 g4 23. Qxa7 f4 24. Qd4 Qh4 25. Rd3 h5 26. Ne4 Nf5 27. Qd7
Ng7 28. Nf6+ Kh8 29. Qe7 Rxf6 30. exf6 {Black resigns} 1-0

[Event "Team 45 45 League T39"]
[Site "Internet Chess Club"]
[Date "2008.11.15"]
[Round "4"]
[White "Extremophile"]
[Black "menorca"]
[Result "0-1"]
[WhiteElo "1824"]
[BlackElo "2110"]
[Opening "Caro-Kann: Gurgenidze counter-attack"]
[ECO "B15"]
[Time "13:01:04"]
[TimeControl "2700+45"]

1. e4 c6 2. d4 d5 3. Nc3 b5 4. Bd3 b4 5. Na4 e6 6. e5 a5 7. Qg4 Ba6 8. Nf3 Nd7
9. h4 h5 10. Qf4 Nh6 11. Ng5 Bxd3 12. cxd3 c5 13. Rh3 cxd4 14. Qxd4 Qc7 15. b3
Nf5 16. Qf4 Qxe5+ 17. Qxe5 Nxe5 18. Bb2 Bd6 19. d4 Nd7 20. Rf3 Ke7 21. g3 f6 22.
Nh3 Rac8 23. Kd2 Rc6 24. Rc1 Rhc8 25. Rxc6 Rxc6 26. Nf4 Bxf4+ 27. Rxf4 g6 28. a3
e5 29. dxe5 fxe5 30. Rf3 Ke6 31. axb4 axb4 32. Ba1 Nc5 33. Nxc5+ Rxc5 34. Bb2 d4
35. Kd1 Kd5 36. Rd3 e4 37. Rd2 d3 38. Bf6 Nd4 39. Rb2 Rc2 40. Bxd4 Kxd4 41. Rxc2
dxc2+ 42. Kxc2 e3 43. f4 Ke4 44. g4 hxg4 45. f5 g3 46. f6 g2 47. f7 g1=Q 48.
f8=Q Qf2+ {White resigns} 0-1

[Event "Team 45 45 League T39"]
[Site "Internet Chess Club"]
[Date "2008.11.15"]
[Round "4"]
[White "tini3blas"]
[Black "Ozgur-BJK"]
[Result "1/2-1/2"]
[WhiteElo "2145"]
[BlackElo "2131"]
[Opening "Polish (Sokolsky) opening"]
[ECO "A00"]
[Time "06:24:20"]
[TimeControl "2700+45"]

1. b4 Nf6 2. Bb2 e6 3. a3 d5 4. e3 c5 5. b5 Be7 6. Nf3 O-O 7. Be2 a6 8. a4 Bd7
9. bxa6 bxa6 10. O-O Nc6 11. d3 Rb8 12. Bc1 Qc7 13. Nbd2 Ne5 14. Nxe5 Qxe5 15.
d4 cxd4 16. Nf3 Qc7 17. exd4 a5 18. Ne5 Ne4 19. Nxd7 Nc3 20. Nxb8 Nxd1 21. Na6
Qc3 22. Ra2 Nxf2 23. Kxf2 Qxd4+ 24. Be3 Qf6+ 25. Ke1 Qh4+ 26. Kd1 Qxh2 27. g4
Qe5 {Game drawn by mutual agreement} 1/2-1/2

[Event "Team 45 45 League T39"]
[Site "Internet Chess Club"]
[Date "2008.11.14"]
[Round "4"]
[White "decox"]
[Black "RedAttack"]
[Result "0-1"]
[WhiteElo "1914"]
[BlackElo "1977"]
[Opening "French: Winawer, advance variation"]
[ECO "C16"]
[Time "20:42:25"]
[TimeControl "2700+45"]

1. e4 e6 2. d4 d5 3. Nc3 Bb4 4. e5 Nc6 5. a3 Ba5 6. Qg4 g6 7. Nf3 h6 8. Bd3 Qe7
9. O-O Bd7 10. Be3 a6 11. Na4 Nd8 12. Nc5 Bb6 13. Nxd7 Qxd7 14. c4 dxc4 15. Bxc4
Nc6 16. Rfd1 Nge7 17. Qf4 g5 18. Qf6 Rh7 19. Bd3 Ng8 20. Bxg5 Nxf6 21. Bxf6 Nxd4
22. Nxd4 Qxd4 23. Bb5+ axb5 24. Rxd4 Bxd4 25. Rc1 c5 {White resigns} 0-1

[Event "Team 45 45 League T39"]
[Site "Internet Chess Club"]
[Date "2008.11.16"]
[Round "4"]
[White "cillu"]
[Black "snottgoblin"]
[Result "0-1"]
[WhiteElo "2198"]
[BlackElo "2062"]
[Opening "QGD: exchange, positional line"]
[ECO "D35"]
[Time "16:02:59"]
[TimeControl "2700+45"]

1. d4 d5 2. c4 e6 3. Nc3 Nf6 4. cxd5 exd5 5. Bg5 Be7 6. e3 c6 7. Bd3 Nbd7 8.
Nge2 O-O 9. O-O Re8 10. Qc2 h6 11. Bh4 Nh5 12. Bxe7 Qxe7 13. Ng3 Nxg3 14. hxg3
Nf6 15. Rae1 Ne4 16. Bxe4 dxe4 17. f3 exf3 18. gxf3 Qg5 19. Ne4 Qg6 20. Qg2 Bf5
21. Nc3 Bd3 22. Rf2 Rad8 23. Rd2 Rxd4 24. Qf2 Rd6 25. Red1 Red8 26. e4 Bc4 27.
Rxd6 Rxd6 28. Rxd6 Qxd6 29. f4 Qd3 30. Kg2 b5 31. Qxa7 Qf1+ 32. Kh2 Kh7 33. Qe3
b4 34. Na4 Be2 35. Qg1 Qf3 36. Qg2 Qe3 37. e5 Bf3 38. Qg1 Qd2+ 39. Kh3 g5 {White
resigns} 0-1

[Event "Team 45 45 League T39"]
[Site "Internet Chess Club"]
[Date "2008.11.16"]
[Round "4"]
[White "Kingmaker"]
[Black "Squeaker"]
[Result "0-1"]
[WhiteElo "1979"]
[BlackElo "2001"]
[Opening "Levitsky attack (Queen's bishop attack)"]
[ECO "D00"]
[Time "19:38:17"]
[TimeControl "2700+45"]

1. d4 d5 2. Bg5 Nf6 3. Bxf6 exf6 4. e3 c5 5. Nf3 Qb6 6. b3 Nc6 7. Nc3 cxd4 8.
Nxd4 Nxd4 9. Qxd4 Bb4 10. Kd2 Bf5 11. Bd3 Rc8 12. Qxb6 Bxc3+ 13. Kc1 axb6 14.
Bxf5 Ra8 15. Rb1 Rxa2 16. Rd1 O-O 17. Rxd5 g6 18. Bg4 f5 19. Be2 Rfa8 20. Rd3
Bb4 21. Bd1 Be7 22. Kd2 Re8 23. b4 Ra4 24. c3 Ra2+ 25. Ke1 Bf6 26. Bb3 Ra3 27.
Kd2 Re7 28. f4 Kg7 29. g3 b5 30. Rd5 Rc7 31. Rd3 b6 32. Kc2 h5 33. h4 Rca7 34.
Kb2 R3a6 35. Rbd1 Rc7 36. Rc1 Ra8 37. Rcd1 Raa7 38. Rc1 Kf8 39. Rcd1 Ke7 40. Rc1
Ra8 41. Rd5 Rac8 42. Rd3 Ke8 43. Bd1 Be7 44. Bf3 Bxb4 45. Kb3 Be7 46. e4 fxe4
47. Bxe4 b4 48. c4 b5 49. Bd5 Ra7 50. Rd2 Ra3+ 51. Kc2 bxc4 52. Re2 Ra2+ 53. Kd1
Rxe2 54. Kxe2 c3 55. Bb3 Rd8 56. Ba4+ Kf8 57. Rd1 Rxd1 58. Kxd1 Bc5 59. Ke2 Ke7
60. Bb3 f6 61. Kf3 Kd6 62. Ke2 Bd4 63. Bf7 Kc5 64. Kd3 Kb5 65. Bxg6 b3 66. Ke2
c2 67. Kd2 Be3+ 68. Kxe3 c1=Q+ 69. Ke4 Qb1+ 70. Kf3 Qxg6 71. Kg2 b2 72. f5 Qg4
73. Kh2 Qe2+ 74. Kh3 b1=Q 75. g4 Qbd3# {White checkmated} 0-1

[Event "Team 45 45 League T39"]
[Site "Internet Chess Club"]
[Date "2008.11.13"]
[Round "4"]
[White "emerald"]
[Black "jefferyx"]
[Result "1-0"]
[WhiteElo "1876"]
[BlackElo "1873"]
[Opening "Torre attack (Tartakower variation)"]
[ECO "D03"]
[Time "20:04:59"]
[TimeControl "2700+45"]

1. d4 d5 2. Nf3 Nf6 3. Bg5 e6 4. e3 Be7 5. Bd3 O-O 6. Nbd2 c5 7. Bxf6 Bxf6 8. c3
b6 9. O-O Bb7 10. Qe2 Nd7 11. Rac1 Rc8 12. Rfd1 Qe7 13. a3 Rfd8 14. e4 c4 15.
Bc2 b5 16. e5 Bg5 17. Nxg5 Qxg5 18. Nf3 Qh5 19. h3 Nf8 20. g3 Ng6 21. Kg2 a5 22.
Qe3 Qh6 23. Qxh6 gxh6 24. Re1 Kh8 25. h4 Rg8 26. Kh3 Ne7 27. g4 Nc6 28. Rg1 b4
29. h5 b3 30. Bb1 a4 31. g5 hxg5 32. Nxg5 Nd8 33. Nxh7 Rg7 34. Ng5 f5 35. exf6
Rgc7 36. Bg6 Kg8 37. f7+ Kg7 38. Rg3 Nxf7 39. Nxe6+ {Black resigns} 1-0

[Event "Team 45 45 League T39"]
[Site "Internet Chess Club"]
[Date "2008.11.16"]
[Round "4"]
[White "KNVB"]
[Black "XelNaga"]
[Result "1/2-1/2"]
[WhiteElo "2431"]
[BlackElo "2416"]
[Opening "Benoni defense"]
[ECO "A61"]
[Time "17:00:47"]
[TimeControl "2700+45"]

1. d4 Nf6 2. c4 c5 3. d5 e6 4. Nc3 exd5 5. cxd5 d6 6. h3 g6 7. e4 Bg7 8. Nf3 O-O
9. Bd3 b5 10. Bxb5 Nxe4 11. Nxe4 Qa5+ 12. Nfd2 Qxb5 13. Nxd6 Qa6 14. N2c4 Nd7
15. O-O Nb6 16. Nxb6 axb6 17. Nxc8 Rfxc8 18. Qf3 Bd4 19. Rd1 Re8 20. Be3 Bxb2
21. Rab1 Qxa2 22. Qe2 Be5 23. Qxa2 Rxa2 24. Rxb6 c4 25. d6 c3 26. d7 Rd8 27. f4
c2 {Game drawn by mutual agreement} 1/2-1/2

[Event "Team 45 45 League T39"]
[Site "Internet Chess Club"]
[Date "2008.11.15"]
[Round "4"]
[White "frothyjowels"]
[Black "Zumbi"]
[Result "1-0"]
[WhiteElo "2212"]
[BlackElo "2093"]
[Opening "Alekhine's defense: exchange variation"]
[ECO "B03"]
[Time "11:05:12"]
[TimeControl "2700+45"]

1. e4 Nf6 2. e5 Nd5 3. d4 d6 4. c4 Nb6 5. exd6 exd6 6. Nc3 Be7 7. Nf3 Bg4 8. h3
Bh5 9. a4 a5 10. Be2 Nc6 11. Be3 O-O 12. Qb3 Nb4 13. O-O Bf6 14. c5 dxc5 15.
dxc5 N6d5 16. Rad1 c6 17. Nxd5 cxd5 18. Rd2 Qc7 19. g4 Bg6 20. Nd4 Rfe8 21. Nb5
Qe5 22. Nd6 Re7 23. Rfd1 h5 24. gxh5 Bxh5 25. Rxd5 Nxd5 26. Rxd5 Bxe2 27. Rxe5
Bxe5 28. Qd5 Rb8 29. Nxf7 Rxf7 30. Qxe5 Rd8 31. f4 Bf3 32. Kf2 Bc6 33. Qc3 Ra8
34. b3 g5 35. Bd2 gxf4 36. Qd3 Re8 37. Bc3 Re3 38. Qd8+ Re8 39. Qg5+ Kf8 40.
Qh6+ Ke7 41. Qd6# {Black checkmated} 1-0

[Event "Team 45 45 League T39"]
[Site "Internet Chess Club"]
[Date "2008.11.13"]
[Round "4"]
[White "playwaycool"]
[Black "PandorasBox"]
[Result "1-0"]
[WhiteElo "2108"]
[BlackElo "2231"]
[Opening "Trompowsky attack (Ruth, Opocenský opening)"]
[ECO "A45"]
[Time "18:00:17"]
[TimeControl "2700+45"]

1. d4 Nf6 2. Bg5 Ne4 3. Bf4 Nc6 4. f3 e5 5. dxe5 g5 6. Bc1 Nc5 7. e4 Nxe5 8. Nc3
d6 9. Nge2 Bd7 10. Ng3 h5 11. Qe2 Ne6 12. Nf5 Ng6 13. g3 h4 14. Rg1 Bc6 15. Nd5
Be7 16. Bd2 Bf6 17. O-O-O Bd4 18. Be3 Bxe3+ 19. Qxe3 Kd7 20. Qc3 Ne5 21. f4 gxf4
22. gxf4 Bxd5 23. fxe5 Bxe4 24. Bb5+ Kc8 25. Nxd6+ Kb8 26. Nxe4 Qf8 27. Nf6 Qh6+
28. Kb1 a6 29. Bc4 Ka7 30. Bxe6 fxe6 31. Qc5+ Kb8 32. Nd7+ Kc8 33. Nb6+ Kb8 34.
Nxa8 Kxa8 35. Qxc7 Qf4 36. Rd8+ Rxd8 37. Qxd8+ Ka7 38. Qd6 a5 39. Qc5+ Ka6 40.
Rd1 Qxh2 41. Rd6+ {Black resigns} 1-0

[Event "Team 45 45 League T39"]
[Site "Internet Chess Club"]
[Date "2008.11.15"]
[Round "4"]
[White "Nosferatu1"]
[Black "Speedy-Reedy"]
[Result "0-1"]
[WhiteElo "1896"]
[BlackElo "1927"]
[Opening "Benoni defense"]
[ECO "A56"]
[Time "14:04:26"]
[TimeControl "2700+45"]

1. d4 Nf6 2. c4 c5 3. e3 e6 4. Nf3 b6 5. b3 Bb7 6. Bb2 d5 7. Nbd2 Nbd7 8. Bd3
Bd6 9. O-O O-O 10. Qe2 Qc7 11. Rfc1 dxc4 12. Nxc4 Bxf3 13. Qxf3 Bxh2+ 14. Kf1
Bd6 15. Nxd6 Qxd6 16. Kg1 e5 17. dxe5 Nxe5 18. Bxe5 Qxe5 19. Rd1 Rad8 20. Bc4
Qe4 21. Qe2 Qh4 22. f3 Nh5 23. Rxd8 Rxd8 24. Rd1 Ng3 25. Rxd8+ Qxd8 26. Qd3 Qxd3
27. Bxd3 Kf8 28. Kf2 Nh5 29. Ke2 Ke7 30. Kd2 Nf6 31. Bc4 Ne8 32. a4 Nd6 33. Bd3
h6 34. Kc3 Kf6 35. Bc4 g5 36. Bd5 Ke5 37. Bc6 Nf5 38. Kd3 Nd6 39. Bd7 a6 40. Bg4
f5 41. Bh5 b5 42. g3 Kd5 43. Bg6 bxa4 44. bxa4 a5 45. e4+ fxe4+ 46. fxe4+ Ke5
47. g4 c4+ 48. Kc3 Kf4 49. Bf5 Nxf5 50. exf5 Ke5 51. Kxc4 h5 52. gxh5 Kxf5 53.
Kd4 g4 54. Ke3 Kg5 55. h6 Kxh6 56. Kf4 Kh5 57. Kg3 Kg5 58. Kg2 Kf4 59. Kf2 g3+
60. Kg2 Kg4 61. Kg1 Kf3 62. Kf1 Ke3 63. Kg2 Kf4 64. Kg1 Kf3 65. Kf1 Ke4 66. Kg2
Kd4 67. Kxg3 Kc4 68. Kf3 Kb4 69. Ke3 Kxa4 70. Kd3 Kb3 71. Kd2 Kb2 {White
resigns} 0-1

[Event "Team 45 45 League T39"]
[Site "Internet Chess Club"]
[Date "2008.11.13"]
[Round "4"]
[White "Gail"]
[Black "LeSacAttack"]
[Result "1-0"]
[WhiteElo "2470"]
[BlackElo "2276"]
[Opening "Réti: advance variation"]
[ECO "A09"]
[Time "13:15:05"]
[TimeControl "2700+45"]

1. Nf3 d5 2. c4 d4 3. c5 e5 4. Nxe5 Bxc5 5. b4 Bd6 6. Qa4+ c6 7. Nf3 Ne7 8. Bb2
O-O 9. Bxd4 Nf5 10. Bc3 a5 11. bxa5 Re8 12. e3 b5 13. Qb3 Na6 14. Qc2 b4 15. Bb2
Nc5 16. d4 Nxe3 17. fxe3 Rxe3+ 18. Kd1 b3 19. axb3 Nxb3 20. Ra4 c5 21. Bc4 Nxd4
22. Bxd4 cxd4 23. Nbd2 Bg4 24. Re1 Rxa5 25. Rxa5 Qxa5 26. Qa2 Qxa2 27. Bxa2 Bxh2
28. Rxe3 dxe3 29. Nf1 Bf4 30. Ke2 g6 31. Nxe3 Be6 32. Nd5 Kg7 33. Nd4 Bg4+ 34.
Kf2 Bb8 35. Nc6 Bd6 36. Ne3 Be6 37. Bxe6 fxe6 38. Kf3 h5 39. Nc4 Bh2 40. Nd4 Kf6
41. Nd2 Ke5 42. Ne2 Kf6 43. Ne4+ Ke5 44. g3 Kf5 45. Nf2 g5 46. Kg2 Bxg3 47.
Nxg3+ Kg6 48. Nge4 Kf5 49. Kg3 h4+ 50. Kf3 e5 51. Nd6+ Ke6 52. Nde4 Kf5 53. Ng4
h3 54. Ne3+ Kg6 55. Kg3 g4 56. Nxg4 h2 57. Kxh2 Kf5 58. Ngf2 Kf4 59. Kg2 Ke3 60.
Kg3 Ke2 61. Ng4 Kd3 62. Kf3 Kd4 63. Ngf6 Kd3 64. Kf2 Kd4 65. Ke2 Kc4 66. Ke3 Kb4
67. Kd3 Kb3 68. Nd5 Ka4 69. Kc4 Ka5 70. Kc5 Ka4 71. Kc4 Ka5 72. Kc5 Ka4 73. Ne3
Ka5 74. Nc4+ Ka4 75. Ncd2 Ka3 76. Kc4 Kb2 77. Nf1 Ka3 78. Kb5 Kb3 79. Ne3 Ka3
80. Nd2 e4 81. Ka5 Kb2 82. Kb4 Kc1 83. Nb3+ Kb2 84. Nd4 Kc1 85. Kc3 Kb1 86. Nb3
Ka2 87. Kb4 Kb2 88. Nd4 Kc1 89. Kc3 Kb1 90. Ne2 Ka2 91. Nc4 Ka1 92. Kb3 e3 93.
Nc3 e2 94. Ne3 e1=N 95. Ka3 Nc2+ 96. Nxc2# {Black checkmated} 1-0

[Event "Team 45 45 League T39"]
[Site "Internet Chess Club"]
[Date "2008.11.15"]
[Round "4"]
[White "kingcapture"]
[Black "Road-Runner"]
[Result "0-1"]
[WhiteElo "2302"]
[BlackElo "2305"]
[Opening "Giuoco Piano"]
[ECO "C54"]
[Time "11:00:09"]
[TimeControl "2700+45"]

1. e4 e5 2. Nf3 Nc6 3. Bc4 Bc5 4. c3 Nf6 5. d3 d6 6. h3 a6 7. Bb3 Ba7 8. O-O h6
9. Re1 O-O 10. d4 Qe7 11. Bc2 Nh5 12. Nxe5 dxe5 13. Qxh5 exd4 14. e5 f5 15. Bb3+
Be6 16. c4 Qf7 17. Qxf7+ Kxf7 18. f4 Na5 19. Nd2 Bc5 20. a3 b5 21. Bd1 bxc4 22.
Bf3 Rab8 23. g4 g6 24. gxf5 gxf5 25. Bh5+ Ke7 26. Nf3 Rg8+ 27. Kh2 Nb3 28. Rb1
Bd5 29. Nh4 Be4 30. Rxe4 fxe4 31. Ng6+ Rxg6 32. Bxg6 e3 33. Kg3 e2 34. f5 e1=Q+
{White resigns} 0-1

[Event "Team 45 45 League T39"]
[Site "Internet Chess Club"]
[Date "2008.11.17"]
[Round "4"]
[White "Petrozjan"]
[Black "therealwizard"]
[Result "1-0"]
[WhiteElo "2178"]
[BlackElo "2179"]
[Opening "QGD Slav: Carlsbad variation"]
[ECO "D17"]
[Time "14:10:19"]
[TimeControl "2700+45"]

1. d4 d5 2. Nf3 Nf6 3. c4 c6 4. Nc3 dxc4 5. a4 Bf5 6. Ne5 Nbd7 7. Nxc4 Qc7 8. g3
e5 9. dxe5 Nxe5 10. Bf4 Nfd7 11. Bg2 g5 12. Ne3 gxf4 13. Nxf5 O-O-O 14. Qc2 fxg3
15. hxg3 Bb4 16. Rh4 Nc5 17. Rxb4 Ned3+ 18. exd3 Nxd3+ 19. Kf1 Nxb4 20. Qe4 Nd3
21. Qe3 a6 22. Ne7+ Kb8 23. Ned5 cxd5 24. Qxd3 Rhe8 25. Nxd5 Qe5 26. Kg1 f5 27.
Qb3 Rd7 28. Rc1 Qd4 29. Nf4 h5 30. Bf3 h4 31. Rd1 Qg7 32. Rxd7 Qxd7 33. Qd5 Re1+
34. Kg2 Qxd5 35. Bxd5 hxg3 36. Kxg3 Rg1+ 37. Kf3 Kc7 38. Be6 Ra1 39. Nd3 Rxa4
40. Bxf5 Kd6 41. Ke3 Rh4 42. Be4 b5 43. b4 Rh3+ 44. Kd4 Rh2 45. Bb7 Rh8 46. Nc5
{Black resigns} 1-0

[Event "Team 45 45 League T39"]
[Site "Internet Chess Club"]
[Date "2008.11.14"]
[Round "4"]
[White "parrot9"]
[Black "adh2050"]
[Result "0-1"]
[WhiteElo "1713"]
[BlackElo "2023"]
[Opening "Nimzo-Indian: Kmoch variation"]
[ECO "E20"]
[Time "10:02:52"]
[TimeControl "2700+45"]

1. d4 Nf6 2. c4 e6 3. Nc3 Bb4 4. f3 Bxc3+ 5. bxc3 d6 6. e4 Nbd7 7. Bd3 b6 8. Ne2
e5 9. O-O h6 10. Be3 Bb7 11. Ng3 Qe7 12. Nf5 Qf8 13. a4 a5 14. Qe2 g6 15. Ng3
O-O-O 16. c5 dxc5 17. dxc5 Nxc5 18. Bc4 Qe7 19. Rfd1 Nfd7 20. Bd5 c6 21. Bc4 h5
22. Qf2 h4 23. Ne2 f5 24. exf5 gxf5 25. Rdb1 Kc7 26. f4 e4 27. Nd4 Rdf8 28. Qa2
Rf6 29. Rb2 Nd3 30. Bxd3 exd3 31. Re1 c5 32. Nb5+ Kb8 33. Qc4 Be4 34. Qb3 Rg6
35. Qa2 Rhg8 36. c4 Qg7 {White resigns} 0-1

[Event "Team 45 45 League T39"]
[Site "Internet Chess Club"]
[Date "2008.11.16"]
[Round "4"]
[White "Elddir"]
[Black "Gil-galad"]
[Result "1/2-1/2"]
[WhiteElo "2084"]
[BlackElo "2100"]
[Opening "King's Indian: Sämisch, 5...O-O"]
[ECO "E81"]
[Time "13:45:08"]
[TimeControl "2700+45"]

1. d4 Nf6 2. c4 g6 3. Nc3 Bg7 4. e4 d6 5. f3 O-O 6. Nge2 a6 7. Be3 c6 8. g4 b5
9. Ng3 e5 10. d5 cxd5 11. cxd5 b4 12. Na4 Nbd7 13. b3 Bb7 14. Bc4 Rc8 15. Qd2 a5
16. h4 Nxd5 17. Bxd5 Bxd5 18. Qxd5 Nf6 19. Qd2 d5 20. g5 d4 21. gxf6 Qxf6 22.
Bf2 Qxf3 23. Qe2 Qf4 24. Qd2 Qf3 25. O-O Qg4 26. Qg5 Qh3 27. Rac1 f6 28. Qd2
Qxh4 29. Rxc8 Rxc8 30. Rc1 Rf8 31. Qd3 Qg4 32. Qd1 Qg5 33. Nc5 Re8 34. Qf1 h5
35. Qc4+ Kh7 36. Kf1 Rc8 37. Ne2 Qg4 38. Qf7 d3 39. Nxd3 Rxc1+ 40. Nexc1 Qxe4
41. Qc4 Qf3 42. Nc5 f5 43. Ne6 Bf6 44. Qc7+ Kh6 45. Qf7 Qh1+ 46. Ke2 Qe4+ 47.
Kf1 Qh1+ 48. Ke2 Qe4+ 49. Be3+ f4 50. Qf8+ Kh7 51. Qf7+ Kh6 52. Qf8+ Kh7 53.
Ng5+ Bxg5 54. Qf7+ {Game drawn by mutual agreement} 1/2-1/2

[Event "Team 45 45 League T39"]
[Site "Internet Chess Club"]
[Date "2008.11.13"]
[Round "4"]
[White "The7thGuest"]
[Black "Beetlejuice"]
[Result "1-0"]
[WhiteElo "2057"]
[BlackElo "1903"]
[Opening "Danish gambit"]
[ECO "C21"]
[Time "14:00:27"]
[TimeControl "2700+45"]

1. e4 e5 2. d4 exd4 3. c3 dxc3 4. Nxc3 Nc6 5. Bc4 Nf6 6. Nf3 d6 7. Ng5 Ne5 8.
Bb3 h6 9. f4 hxg5 10. fxe5 Bg4 11. Qd2 Nd7 12. Qxg5 Qxg5 13. Bxg5 Nxe5 14. O-O
Be7 15. Bxe7 Kxe7 16. Nd5+ Kd7 17. Rac1 c6 18. Ne3 Be6 19. Rc3 Bxb3 20. Rxb3 b6
21. Nf5 g6 22. Nd4 Kc7 23. Nf3 Nxf3+ 24. Rbxf3 Kd7 25. Rxf7+ Ke6 26. R1f6+ Ke5
27. Rxg6 Kxe4 28. Rxd6 Rhd8 29. Rxd8 Rxd8 30. h4 Rd2 31. h5 Rxb2 32. g4 Rxa2 33.
h6 Rd2 34. h7 Rd8 35. g5 {Black resigns} 1-0

[Event "Team 45 45 League T39"]
[Site "Internet Chess Club"]
[Date "2008.11.16"]
[Round "4"]
[White "JCMDonet"]
[Black "livis"]
[Result "1-0"]
[WhiteElo "1984"]
[BlackElo "1949"]
[Opening "King's Indian: Sämisch, 6...Nc6"]
[ECO "E83"]
[Time "14:30:50"]
[TimeControl "2700+45"]

1. d4 g6 2. c4 Bg7 3. Nc3 d6 4. e4 Nf6 5. f3 O-O 6. Be3 Nc6 7. Qd2 Re8 8. O-O-O
e5 9. d5 Nd4 10. Nge2 Nxe2+ 11. Bxe2 a6 12. g4 b5 13. cxb5 axb5 14. Bxb5 Bd7 15.
Bxd7 Nxd7 16. h4 Nb6 17. b3 Qb8 18. h5 Qa7 19. hxg6 fxg6 20. Qh2 Qa3+ 21. Kb1
Nc4 22. Bc1 Qb4 23. Qxh7+ Kf7 24. Rh6 Qxc3 25. Qxg6+ Kf8 26. Rh8+ Bxh8 27. Bh6+
Ke7 28. Qe6+ Kd8 29. Bg5+ Re7 30. Bxe7+ Ke8 31. Bxd6+ Kd8 32. Qe7+ {Black
resigns} 1-0

[Event "Team 45 45 League T39"]
[Site "Internet Chess Club"]
[Date "2008.11.15"]
[Round "4"]
[White "easycure"]
[Black "gyoung"]
[Result "1/2-1/2"]
[WhiteElo "2388"]
[BlackElo "2239"]
[Opening "Dutch defense"]
[ECO "A86"]
[Time "22:02:01"]
[TimeControl "2700+45"]

1. d4 f5 2. g3 Nf6 3. Bg2 g6 4. c4 Bg7 5. Nc3 d6 6. d5 O-O 7. Nh3 Nbd7 8. Nf4
Ne5 9. b3 c5 10. Bb2 Rb8 11. O-O g5 12. Nd3 Nxd3 13. Qxd3 Ng4 14. Qd2 f4 15. Ne4
Bxb2 16. Qxb2 h6 17. Rad1 b6 18. Nd2 Qe8 19. Bh3 Ne5 20. Bxc8 Qxc8 21. Kg2 g4
22. f3 Qf5 23. Qb1 Qh5 24. Rf2 Qh3+ 25. Kg1 fxg3 26. Rg2 gxh2+ 27. Rxh2 Qg3+ 28.
Rg2 Qf4 29. Qe4 h5 30. fxg4 hxg4 31. Qxf4 Rxf4 32. Nf3 Nf7 33. Rd3 Kh7 34. Nh2
Rg8 35. Rdg3 Nh6 36. e3 Re4 37. Kf2 Rg6 38. Ke2 Nf5 39. Rxg4 Rxe3+ 40. Kd2 Rxg4
41. Nxg4 Rg3 42. Rh2+ Kg6 43. Nf2 Nd4 44. Rh8 Rf3 45. Nd3 Rf7 46. Rd8 Rh7 47.
Nf2 Rf7 48. Nd3 Rh7 {Game drawn by mutual agreement} 1/2-1/2

[Event "Team 45 45 League T39"]
[Site "Internet Chess Club"]
[Date "2008.11.17"]
[Round "4"]
[White "f5"]
[Black "DTK"]
[Result "1/2-1/2"]
[WhiteElo "2203"]
[BlackElo "2163"]
[Opening "French: MacCutcheon, Lasker variation, 8...g6"]
[ECO "C12"]
[Time "12:10:50"]
[TimeControl "2700+45"]

1. e4 e6 2. d4 d5 3. Nc3 Nf6 4. Bg5 Bb4 5. e5 h6 6. Bd2 Bxc3 7. bxc3 Ne4 8. Qg4
g6 9. h4 c5 10. h5 g5 11. Bd3 Nxd2 12. Kxd2 Nc6 13. Nf3 cxd4 14. cxd4 Qa5+ 15.
c3 b6 16. Nh2 Ba6 17. Bxa6 Qxa6 18. Qe2 Qxe2+ 19. Kxe2 O-O 20. Ng4 Kg7 21. Rh3
Rac8 22. Rf1 Ne7 23. f4 gxf4 24. Rxf4 Nf5 25. Nf6 Rc4 26. g4 Ne7 27. Rhf3 Rc7
28. Kd2 Ng8 29. Rg3 Nxf6 30. exf6+ Kh7 31. g5 hxg5 32. Rxg5 Rg8 33. Rxg8 Kxg8
34. Rg4+ Kh7 35. Rg7+ Kh6 36. Ke3 Rxc3+ 37. Kf4 Rc7 38. Ke5 Rd7 39. Rg8 Kxh5 40.
a4 a6 41. Rb8 b5 42. axb5 axb5 43. Rxb5 Rd8 44. Rb1 Rg8 45. Kd6 Rg4 46. Ke7 Kg6
47. Rb8 Rxd4 48. Rg8+ Kf5 49. Rg1 Ra4 50. Rf1+ Kg6 51. Rg1+ Kf5 {Game drawn by
mutual agreement} 1/2-1/2

[Event "Team 45 45 League T39"]
[Site "Internet Chess Club"]
[Date "2008.11.15"]
[Round "4"]
[White "Blade"]
[Black "chsrules88"]
[Result "1-0"]
[WhiteElo "2109"]
[BlackElo "2014"]
[Opening "Queen's pawn game, Chigorin variation"]
[ECO "A04"]
[Time "14:03:27"]
[TimeControl "2700+45"]

1. Nf3 Nc6 2. d4 d5 3. c4 Bg4 4. cxd5 Bxf3 5. dxc6 Bxc6 6. Nc3 e6 7. e4 Bb4 8.
f3 Qd7 9. Qd3 O-O-O 10. Be3 a6 11. O-O-O Ne7 12. Qc4 Bxc3 13. Qxc3 f6 14. Qc5
Kb8 15. Bd3 b6 16. Qa3 a5 17. Kd2 Nc8 18. Rc1 Nd6 19. Ke2 Nb5 20. Qb3 Kb7 21. d5
exd5 22. exd5 Qxd5 23. Be4 Qxb3 24. Bxc6+ Kb8 25. axb3 Nd4+ 26. Bxd4 Rxd4 27.
Rhd1 Rhd8 28. Rxd4 Rxd4 29. Rd1 {Black resigns} 1-0

[Event "Team 45 45 League T39"]
[Site "Internet Chess Club"]
[Date "2008.11.17"]
[Round "4"]
[White "pestka"]
[Black "Uwak"]
[Result "1/2-1/2"]
[WhiteElo "2241"]
[BlackElo "2320"]
[Opening "King's Indian: Andersson variation"]
[ECO "E92"]
[Time "10:06:28"]
[TimeControl "2700+45"]

1. d4 Nf6 2. Nf3 g6 3. c4 Bg7 4. Nc3 O-O 5. e4 d6 6. Be2 e5 7. dxe5 dxe5 8. Qxd8
Rxd8 9. Bg5 Re8 10. Nd5 Nxd5 11. cxd5 c6 12. Bc4 cxd5 13. Bxd5 Nd7 14. Nd2 h6
15. Be3 Nf6 16. Bb3 Ng4 17. Bc5 Be6 18. f3 Nf6 19. Ke2 Bd7 20. Rac1 b5 21. Rhd1
a5 22. a3 a4 23. Ba2 Rac8 24. Nb1 Bf8 25. Bxf8 Kxf8 26. Nc3 Ke7 27. Rd2 Rb8 28.
Nd5+ Nxd5 29. Bxd5 Rec8 30. Rxc8 Bxc8 31. Rc2 Bd7 32. Rc7 Kd6 33. Ra7 b4 34.
Bxf7 bxa3 35. bxa3 Rb2+ 36. Kf1 Bb5+ 37. Kg1 Rb3 38. Bxg6 Rxa3 39. Rh7 Ra1+ 40.
Kf2 Ra2+ 41. Kg1 Bc4 42. h4 a3 43. Bf7 Bxf7 44. Rxf7 Rb2 45. Ra7 a2 46. Kh2 h5
47. Ra5 Ke6 48. Kh3 Rf2 49. Kg3 Rb2 50. Kh3 Rf2 51. Kg3 Rb2 {Game drawn by
mutual agreement} 1/2-1/2

[Event "Team 45 45 League T39"]
[Site "Internet Chess Club"]
[Date "2008.11.14"]
[Round "4"]
[White "searchforbobby1"]
[Black "Kolibri"]
[Result "1-0"]
[WhiteElo "2248"]
[BlackElo "2086"]
[Opening "French: Rubinstein variation"]
[ECO "C10"]
[Time "17:07:52"]
[TimeControl "2700+45"]

1. e4 e6 2. d4 d5 3. Nc3 dxe4 4. Nxe4 Nf6 5. Nxf6+ Qxf6 6. Nf3 h6 7. Bd3 Bd6 8.
O-O Bd7 9. Qe2 Nc6 10. c3 O-O-O 11. b4 Ne7 12. c4 Ng6 13. Bxg6 fxg6 14. c5 Bf4
15. b5 c6 16. a4 Bb8 17. Ra3 Rhf8 18. Re3 g5 19. Ne5 Bxe5 20. Rxe5 Qg6 21. Bb2
Rf6 22. Bc3 Rdf8 23. Ba5 Qe8 24. Rxg5 e5 25. Rxe5 Qf7 26. d5 cxd5 27. Re7 Re8
28. Qe5 b6 29. cxb6 axb6 30. Qc3+ {Black resigns} 1-0

[Event "Team 45 45 League T39"]
[Site "Internet Chess Club"]
[Date "2008.11.19"]
[Round "4"]
[White "Monsoon-Smith"]
[Black "Burning-Bush"]
[Result "1/2-1/2"]
[WhiteElo "2072"]
[BlackElo "2091"]
[Opening "Benoni: classical with e4 and Nf3"]
[ECO "A70"]
[Time "21:01:20"]
[TimeControl "2700+45"]

1. d4 c5 2. d5 Nf6 3. c4 e6 4. Nc3 exd5 5. cxd5 d6 6. e4 g6 7. Nf3 a6 8. a4 Bg7
9. h3 O-O 10. Bd3 Re8 11. O-O Qc7 12. Nd2 Nbd7 13. Nc4 Nb6 14. Re1 Nxc4 15. Bxc4
Nd7 {Game drawn by mutual agreement} 1/2-1/2